 Dungeon Crawl Stone Soup version 0.31-a0-112-gdf0485fa37 (webtiles) character file.

Game seed: 14946046244181683558

5345 Drazool the Skirmisher (level 10, -1/80 HPs)
             Began as a Naga Hunter on May 28, 2023.
             Killed from afar by an acid dragon (34 damage)
             ... with a splash of acid
             ... on level 9 of the Dungeon on May 29, 2023.
             The game lasted 00:29:47 (9138 turns).

Drazool the Skirmisher (Naga Hunter)                Turns: 9138, Time: 00:29:49

Health: -1/80      AC:  7    Str: 19    XL:     10   Next: 65%
Magic:  10/10      EV: 10    Int: 10    God:
Gold:   594        SH:  0    Dex: 19    Spells: 9/9 levels left

rFire   . . .        a - +0 shortbow (elec)
rCold   . . .        (shield currently unavailable)
rNeg    . . .        D - +0 troll leather armour
rPois   +            m - +1 helmet
rElec   .            (no cloak)
rCorr   .            (no gloves)
SInv    +            (no barding)
Will    +....        (no amulet)
Stlth   ++           S - +6 ring of strength
HPRegen 1.13/turn    (no ring)
MPRegen 0.12/turn

%: no passive effects
@: very slow
A: AC +3, large, see invisible, deformed body, poison resistance, slowness 2,
spit poison 1, naga tail 1
a: Spit Poison


You were on level 9 of the Dungeon.
You visited 2 branches of the dungeon, and saw 10 of its levels.
You also visited: Sewer.

You collected 594 gold pieces.


Innate Abilities, Weirdness & Mutations

Your serpentine skin is tough. (AC +3)
You have supernaturally acute eyesight. (SInv)
Armour fits poorly on your strangely shaped body.
Your system is resistant to poisons. (rPois)
You cover ground very slowly.
You can spit poison.
You have a snake-like lower body.


   Skills:
 - Level 2.0 Fighting
 + Level 14.5 Ranged Weapons
 - Level 1.5 Dodging
 - Level 1.5 Stealth


You had 9 spell levels left.
You didn't know any spells.
Your spell library contained the following spells:

 Spells                   Type           Power      Damage    Failure   Level
 Apportation              Tloc           0%         N/A       41%         1
 Necrotise                Necr           0%         1d4       41%         1
 Summon Small Mammal      Summ           0%         N/A       41%         1
 Ensorcelled Hibernation  Hex/Ice        0%         N/A       56%         2
 Spider Form              Tmut/Pois      0%         N/A       80%         3
 Anguish                  Hex/Necr       0%         N/A       99%         4

Inventory:

Hand Weapons
 a - a +0 shortbow of electrocution (weapon)
 u - a +4 great sword
 C - a +1 shortbow of draining
Missiles
 c - a curare-tipped dart {=f}
Armour
 f - a +2 robe of cold resistance
 m - a +1 helmet (worn)
 D - a +0 troll leather armour (worn)
Magical Staves
 e - a staff of cold {!a}
Jewellery
 M - a ring of magical power
 S - a +6 ring of strength (left hand)
Wands
 n - a wand of iceblast (1)
 y - a wand of flame (22)
 A - a wand of mindburst (8)
 B - a wand of light (8)
Scrolls
 b - 5 scrolls of immolation
 g - 3 scrolls of amnesia
 i - a scroll of blinking
 l - 2 scrolls of butterflies
 o - 2 scrolls of fear
 r - 2 scrolls of teleportation {@r2}
 s - a scroll of brand weapon
 v - a scroll of fog
 x - a scroll of magic mapping
Potions
 d - a potion of attraction {unknown}
 h - 3 potions of invisibility
 j - 2 potions of heal wounds {@q2}
 k - a potion of curing {@q1}
 p - 3 potions of resistance {unknown}
 t - a potion of mutation {unknown}
 w - 2 potions of might {unknown}
 z - a potion of brilliance {unknown}

Dungeon Overview and Level Annotations

Branches:
Dungeon (9/15)             Temple (1/1) D:7           Sewer (visited)
   Lair: D:8-11         Orc: D:9-12

Altars:
Elyvilon
Fedhas
Gozag
Hepliaklqana
Kikubaaqudgha
Makhleb
Nemelex Xobeh
Okawaru
Qazlal
Ru
Sif Muna
Trog
Uskayaw
Wu Jian
Xom
Yredelemnul
Zin
The Shining One
Lugonu

Shops:
D:3 :

Annotations:
D:4 Edmund, Natasha

.▒....▒▒)+ .............
.▒.8..▒▒?# .....⌠.....
.▒....▒▒)+ .........
.▒▒▒▒.▒▒)# .......
....▒.▒▒ ..... ....▒.▒▒$#
.c. ....▒'▒▒▒▒▒▒▒ ▒▒▒s▒
..###.#8#▒#8#▒#8▒D▒8#▒#8
..'.....'.......@c.......
.######8#▒#8#▒#8#▒#8#▒#8#
.# ### ### ### ## ##
##################
..................
....Y.............
....Y.............
....c.............
..................


You could see a wolf spider, an acid dragon (catching breath) and 2 centaurs.


Message History

The wyvern is moderately wounded.
The wyvern hisses menacingly.
The wyvern barely misses you. The wyvern bites you!
* * * LOW HITPOINT WARNING * * *
You shoot an arrow.
The arrow hits the wyvern but does no damage.
The wyvern is lightly wounded.
You hear a skittering sound.
The wyvern closely misses you.
You shoot an arrow. The arrow hits the wyvern!
Lightning courses through the wyvern!
The wyvern is almost dead.
You hear a skittering sound.
The wyvern bites you!
* * * LOW HITPOINT WARNING * * *
You feel much better. The wyvern barely misses you.
Unknown command.
You shoot an arrow. The arrow hits the wyvern!
You kill the wyvern!
The centaur wields a +0 shortbow.
The centaur shoots an arrow.
The arrow barely misses you.
Unknown command.
A wolf spider comes into view.
The wolf spider's many legs skitter.
The centaur unwields a +0 shortbow.
The centaur hits you.
* * * LOW HITPOINT WARNING * * *
The centaur kicks you but does no damage.
The acid dragon spits acid at you. The splash of acid hits you!!
You die...

Skill      XL: |  1  2  3  4  5  6  7  8  9 10 |
---------------+-------------------------------+-----
Ranged Weapons | 4 5 7 8 10 13 14 | 14.5
Fighting       | |  2.0
Dodging        | |  1.5
Stealth        | |  1.5

Action                     |  1- 3 |  4- 6 |  7- 9 | 10-12 || total
---------------------------+-------+-------+-------+-------++-------
   Fire: Shortbow          |    83 |   156 |   414 |   122 ||   775
Ability: Spit Poison       |     9 |    14 |    50 |     5 ||    78
    Use: Scroll            |     3 |     2 |    12 |     2 ||    19
         Potion            |       |       |     1 |     2 ||     3
 Armour: Leather armour    |     8 |    10 |       |       ||    18
         Ring mail         |       |     3 |     1 |       ||     4
         Robe              |       |       |    55 |     8 ||    63
         Troll leather arm |       |       |       |    19 ||    19
  Dodge: Dodged            |    37 |    25 |   102 |    31 ||   195

Levels and vault maps discovered:
D:1:      elethiomel_arrival_infinity_welcomes_careful_drivers, layout_rooms,
          dreamdust_ecumenical_altar_drowned_temple, serial_glass,
          glass_columns_a, glass_columns_a
D:2:      layout_loops_cross, basic_altar, kennysheep_nondescript,
          serial_bayou_lake_a, uniq_robin
D:3:      layout_basic, fedhas_altar_fruit_tree, nzn_wu_jian_contemplation,
          serial_shops, shop, minmay_surrounded, uniq_grinder
D:4:      layout_rooms, hex_intersection, uniq_ijyb, uniq_edmund,
          uniq_blork_the_orc, uniq_natasha
D:5:      layout_basic, kiku_gazebo_garden_becter, gup_sewer_entry_bubbles
D:6:      layout_basic, nicolae_ru_awakened_eye,
          mainiacjoe_overflow_small_starburst, worldfamousw_hep_ancestral_shrine
D:7:      layout_gridville, nicolae_xom_altar_mimics, minmay_temple_entry_waves,
          uniq_prince_ribbit1, uniq_menkaure
D:8:      layout_rooms, marbit_many_paths, mainiacjoe_overflow_six_doors_small,
          hangedman_abyss_or_decor_passed, minmay_starry_boxes
D:9:      wad_statue_garden, layout_long_grid,
          nicolae_gozag_cash_rules_everything_around_me
Temple:   corrupted_temple

Notes
Turn   | Place    | Note
-------+----------+-------------------------------------------
     0 | D:1      | Drazool the Naga Hunter began the quest for the Orb.
     0 | D:1      | Reached XP level 1. HP: 19/19 MP: 1/1
   157 | D:1      | Reached skill level 4 in Ranged Weapons
   157 | D:1      | Reached XP level 2. HP: 21/26 MP: 2/2
   318 | D:1      | Reached XP level 3. HP: 9/32 MP: 3/3
   458 | D:1      | Found a faded altar of an unknown god.
  1029 | D:2      | Reached skill level 5 in Ranged Weapons
  1032 | D:2      | Reached XP level 4. HP: 35/39 MP: 4/4
  1049 | D:2      | Found an ancient bone altar of Kikubaaqudgha.
  1365 | D:2      | Noticed Robin
  1373 | D:2      | Killed Robin
  1950 | D:3      | Reached XP level 5. HP: 40/45 MP: 5/5
  2246 | D:3      | Found Myehean's Book Shoppe.
  2418 | D:3      | Found a blossoming altar of Fedhas.
  2490 | D:3      | Reached skill level 6 in Ranged Weapons
  2610 | D:3      | Found an ornate altar of the Wu Jian Council.
  2616 | D:3      | Noticed Grinder
  2628 | D:3      | Killed Grinder
  2629 | D:3      | Reached skill level 7 in Ranged Weapons
  2629 | D:3      | Reached XP level 6. HP: 45/52 MP: 6/6
  2905 | D:4      | Noticed Natasha
  3002 | D:4      | Reached XP level 7. HP: 42/60 MP: 7/7
  3196 | D:4      | Noticed Blork the orc
  3206 | D:4      | Killed Blork the orc
  3415 | D:4      | Noticed Ijyb
  3461 | D:3      | Killed Ijyb
  3462 | D:3      | Reached skill level 8 in Ranged Weapons
  3745 | D:4      | Noticed Edmund
  3974 | D:5      | Entered Level 5 of the Dungeon
  4094 | D:5      | Found a glowing drain.
  4125 | Sewer    | Entered a sewer
  4334 | Sewer    | Reached XP level 8. HP: 67/67 MP: 8/8
  4373 | Sewer    | Reached skill level 9 in Ranged Weapons
  4377 | Sewer    | Found a viscous altar of Jiyva.
  4664 | D:5      | Found an ancient bone altar of Kikubaaqudgha.
  4936 | D:5      | Reached skill level 10 in Ranged Weapons
  5251 | D:6      | Identified the +2 robe of Devotion {Int+8 Slay-5 Archmagi}
  5460 | D:6      | Found a sacrificial altar of Ru.
  5742 | D:6      | Found a hazy altar of Hepliaklqana.
  5849 | D:6      | Reached XP level 9. HP: 73/73 MP: 9/9
  5868 | D:6      | Reached skill level 11 in Ranged Weapons
  5982 | D:6      | Found a bloodstained altar of Trog.
  6215 | D:7      | Noticed Prince Ribbit
  6233 | D:6      | Killed Prince Ribbit
  6923 | D:7      | Reached skill level 12 in Ranged Weapons
  6924 | D:7      | Found a staircase to the Ecumenical Temple.
  6933 | Temple   | Entered the Ecumenical Temple
  6980 | D:7      | Noticed Menkaure
  6990 | D:7      | Killed Menkaure
  7500 | D:7      | Found a shimmering altar of Xom.
  7501 | D:7      | Found a shimmering altar of Xom.
  7502 | D:7      | Found a shimmering altar of Xom.
  7503 | D:7      | Found a shimmering altar of Xom.
  7504 | D:7      | Found a shimmering altar of Xom.
  7504 | D:7      | Found a shimmering altar of Xom.
  7507 | D:7      | Found a shimmering altar of Xom.
  7665 | D:8      | Found a basalt altar of Yredelemnul.
  7788 | D:8      | Reached skill level 13 in Ranged Weapons
  8011 | D:8      | Noticed a two-headed ogre
  8017 | D:8      | Reached XP level 10. HP: 65/80 MP: 10/10
  8283 | D:8      | Killed a two-headed ogre
  8479 | D:8      | Found a shimmering blue altar of Sif Muna.
  8684 | D:9      | Reached skill level 14 in Ranged Weapons
  8852 | D:9      | Found an opulent altar of Gozag.
  9138 | D:9      | Noticed a wolf spider
  9138 | D:9      | Killed from afar by an acid dragon

Vanquished Creatures
  A two-headed ogre (D:8)
  A troll (D:9)
  Prince Ribbit (D:6)
  Grinder (D:3)
  2 wyverns (D:9)
  A vampire mosquito (D:9)
  Menkaure (D:7)
  An acid dragon (D:9)
  A water moccasin (D:8)
  2 orc warriors (D:8)
  A black bear (D:5)
  5 ogres
  2 centaurs
  A kobold brigand (D:9)
  5 scorpions
  A gnoll sergeant (D:7)
  2 bullfrogs
  Blork the orc (D:4)
  12 wights
  4 killer bees (D:8)
  2 hounds (D:6)
  4 orc priests
  10 jellies
  A gnoll bouda (D:4)
  An iguana (D:5)
  2 sleepcaps
  Ijyb (D:3)
  3 orc wizards
  Robin (D:2)
  10 gnolls
  11 adders
  4 river rats (Sewer)
  A shadow imp (D:8)
  2 white imps (D:7)
  3 worms (D:5)
  8 dart slugs
  22 orcs
  6 ball pythons
  4 bats
  13 endoplasms
  5 giant cockroaches
  16 goblins
  9 hobgoblins
  11 jackals
  19 kobolds
  5 quokkas
  5 frilled lizards
  12 rats
  A spectral goblin (D:1)
238 creatures vanquished.

Table legend: (Time is in decaauts)
 A = Elapsed time spent in this place.
 B = Non-inter-level travel time spent in this place.
 C = Inter-level travel time spent in this place.
 D = Time resting spent in this place.
 E = Time spent auto-exploring this place.
 F = Levels seen in this place.
 G = Mean time per level.
                   A        B        C        D        E       F      G
               +--------+--------+--------+--------+--------+-----+--------+
         Total |  11531 |  10845 |    686 |    571 |   8356 |  11 | 1048.3 |
       Dungeon |  11077 |  10411 |    666 |    517 |   8153 |   9 | 1230.8 |
        Temple |     60 |     40 |     20 |      0 |     30 |   1 |   60.0 |
         Sewer |    394 |    394 |      0 |     54 |    171 |   1 |  394.0 |
               +--------+--------+--------+--------+--------+-----+--------+

Top non-repeatable levels by time:
     D:6: 1708 daAuts
     D:3: 1328 daAuts
     D:4: 1299 daAuts
     D:7: 1264 daAuts
     D:2: 1258 daAuts
     D:5: 1209 daAuts
     D:8: 1201 daAuts
     D:1: 1144 daAuts
     D:9: 661 daAuts
   Sewer: 394 daAuts
  Temple: 60 daAuts

Table legend:
 A = Non-vault XP
 B = Vault XP
 C = Vault XP percentage of total XP
 D = Non-vault monster count
 E = Vault monster count
 F = Vault count percentage of total count
                 A         B        C        D         E       F
            +---------+---------+-------+---------+---------+-------
      Total |    5495 |    2141 |  28.0 |     174 |      64 |  26.9
            +---------+---------+-------+---------+---------+-------
        D:1 |      56 |       1 |   1.8 |      28 |       1 |   3.4
        D:2 |      72 |      34 |  32.1 |      25 |      11 |  30.6
        D:3 |      64 |     319 |  83.3 |      20 |       8 |  28.6
        D:4 |     316 |      82 |  20.6 |      24 |       1 |   4.0
        D:5 |     781 |      34 |   4.2 |      14 |       7 |  33.3
        D:6 |     747 |     264 |  26.1 |      10 |       1 |   9.1
        D:7 |    1121 |     169 |  13.1 |      24 |       1 |   4.0
        D:8 |    1709 |     197 |  10.3 |      15 |       5 |  25.0
        D:9 |     629 |     759 |  54.7 |      14 |       4 |  22.2
      Sewer |       0 |     282 | 100.0 |       0 |      25 | 100.0
            +---------+---------+-------+---------+---------+-------
